 Dungeon Crawl Stone Soup version 0.19.0-2-gae57169 (webtiles) character file.

600730 dorian the Skullcrusher (level 27, 0/451 (453) HPs)
             Began as an Ogre Hunter on Oct 31, 2016.
             Was the Champion of Trog.
             Slain by an azure jelly (6 damage)
             ... created by the Royal Jelly
             ... on level 5 of the Pits of Slime on Nov 3, 2016.
             The game lasted 05:25:52 (88626 turns).

dorian the Skullcrusher (Ogre Hunter)              Turns: 88626, Time: 05:25:52

HP:   0/451 (453)   AC:  8    Str: 37    XL:     27
MP:   0/23          EV: 16    Int: 16    God:    Trog [******]
Gold: 2784          SH:  0    Dex: 20    Spells: 0 memorised, 26 levels left

rFire  + + +     SeeInvis +     y - +9 giant spiked club (elec)
rCold  + + +     Gourm    .     K - +3 gold dragon scales
rNeg   + + +     Faith    .     (shield currently unavailable)
rPois  +         Spirit   +     P - -2 hat of the Alchemist {rElec rPois rF+ rC+ rN+ MR+ rMut rCorr}
rElec  +         Reflect  .     S - +1 cloak "Festrian" {rC+ Int+6 Dex+4 Stlth-}
rCorr  +         Harm     .     (gloves unavailable)
rMut   +                        (boots unavailable)
MR     +++..                    b - amulet of guardian spirit
Stlth  ..........               V - ring of see invisible
                                M - ring "Jefut" {+Fly rElec rF+ rN++ Stlth+}

@: berserking (expiring), corroded, very quick
A: unfitting armour, antennae 1, thin skeletal structure 1, agile 1, blurry
vision 1, poison resistance, electricity resistance, tough skin 1, evolution 2,
sturdy frame 1
a: Berserk, Trog's Hand, Brothers in Arms, Burn Spellbooks, Renounce Religion,
Evoke Flight
}: 2/15 runes: serpentine, barnacled


You were on level 5 of the Pits of Slime.
You worshipped Trog.
Trog was exalted by your worship.
You were very hungry.

You visited 10 branches of the dungeon, and saw 51 of its levels.
You visited 1 bazaar.
You also visited: Ossuary and Volcano.

You collected 6496 gold pieces.
You spent 3712 gold pieces at shops.

Inventory:

Hand Weapons
 s - a +7 antimagic giant spiked club
 y - a +9 giant spiked club of electrocution (weapon)
 D - a +6 antimagic giant spiked club
Missiles
 c - 5 javelins
 j - 102 large rocks (quivered)
 q - 5 tomahawks of dispersal
 F - 74 tomahawks
 J - 2 tomahawks of returning
 R - 62 javelins of penetration
Armour
 K - +3 gold dragon scales (worn)
 O - a +0 shield of reflection
 P - the -2 hat of the Alchemist (worn) {rElec rPois rF+ rC+ rN+ MR+ rMut rCorr}
   (You bought it in a shop on level 2 of the Vaults)

   It protects you from fire.
   It protects you from cold.
   It insulates you from electricity.
   It protects you from poison.
   It protects you from negative energy.
   It affects your resistance to hostile enchantments.
   It protects you from acid and corrosion.
   It protects you from mutation.
 S - the +1 cloak "Festrian" (worn) {rC+ Int+6 Dex+4 Stlth-}
   (You bought it in a shop on level 2 of the Vaults)

   It affects your intelligence (+6).
   It affects your dexterity (+4).
   It protects you from cold.
   It makes you less stealthy.
Jewellery
 b - an amulet of guardian spirit (around neck)
 B - a +3 ring of protection
 I - the amulet "Beraocw" {Reflect rC+ rN+ Int+2 SH+4}
   (You took it off a vampire knight on level 3 of the Crypt)

   [amulet of reflection]

   It shields you and reflects attacks.
   It affects your intelligence (+2).
   It protects you from cold.
   It protects you from negative energy.
   It affects your SH (+4).
 M - the ring "Jefut" (left hand) {+Fly rElec rF+ rN++ Stlth+}
   (You bought it in a shop on level 2 of the Shoals)

   [ring of protection from fire]

   It protects you from fire.
   It insulates you from electricity.
   It greatly protects you from negative energy.
   It lets you fly.
   It makes you more stealthy.
 U - an uncursed ring of flight
 V - a ring of see invisible (right hand)
 W - the ring "Jerphacs" {rElec rN+ MP+9 Int+2 Dex-3}
   (You found it on level 3 of the Crypt)

   [ring of positive energy]

   It affects your intelligence (+2).
   It affects your dexterity (-3).
   It insulates you from electricity.
   It protects you from negative energy.
   It affects your magic capacity (+9).
 X - the ring "Dasozowk" {rElec rPois rN+ Str+3}
   (You found it on level 3 of the Crypt)

   [ring of positive energy]

   It affects your strength (+3).
   It insulates you from electricity.
   It protects you from poison.
   It protects you from negative energy.
 Z - the ring "Myoff" {rF+ rN+}
   (You found it on level 3 of the Crypt)

   [ring of positive energy]

   It protects you from fire.
   It protects you from negative energy.
Wands
 d - a wand of lightning (12/15)
 g - a wand of iceblast (4/15)
 k - a wand of slowing (27/48)
 x - a wand of polymorph (12/24)
 z - a wand of teleportation (5/9)
 A - a wand of digging (8/24)
 E - a wand of heal wounds (5/9)
 G - a wand of teleportation (1/9)
 H - a wand of disintegration (18/24)
 N - a wand of disintegration (11/24)
 T - a wand of lightning (11/15)
Scrolls
 a - 3 scrolls of fear
 h - 3 scrolls of blinking
 i - 5 scrolls of identify
 l - 31 scrolls of remove curse
 m - 2 scrolls of recharging
 v - 6 scrolls of fog
 w - a scroll of holy word
 Y - 13 scrolls of teleportation
Potions
 e - 2 potions of resistance
 n - 8 potions of ambrosia
 o - 23 potions of curing
 p - 5 potions of haste
 r - 7 potions of heal wounds
 t - 2 potions of invisibility
 u - a potion of flight
 C - a potion of cancellation
Miscellaneous
 L - a phial of floods
Comestibles
 f - 11 bread rations


   Skills:
 + Level 22.4 Fighting
 O Level 27 Maces & Flails
 + Level 22.4 Throwing
 + Level 21.3 Armour
 + Level 15.4 Dodging
 - Level 0.6 Stealth
 + Level 9.1 Shields


You had 26 spell levels left.
You didn't know any spells.

Dungeon Overview and Level Annotations

Branches:
Dungeon (15/15)            Temple (0/1) D:7            Lair (6/6) D:9
 Shoals (4/4) Lair:4        Snake (4/4) Lair:2        Slime (5/5) Lair:6
    Orc (2/2) D:10            Elf (3/3) Orc:2        Vaults (4/5) D:14
  Crypt (3/3) Vaults:2       Tomb (0/3) Crypt:3      Depths (5/5) D:15
    Zot (0/5) Depths:5

Altars:
Ashenzari
Cheibriados
Fedhas
Gozag
Hepliaklqana
Kikubaaqudgha
Makhleb
Qazlal
Trog
Uskayaw
Vehumet
Xom
Zin
The Shining One
Beogh
Jiyva

Shops:
D:7 [   D:9 *   D:10 [   Orc:2 [!(*   Elf:1 =   Elf:2 [   Shoals:2 =
Snake:3 (   Snake:4 [   Vaults:2 [   Vaults:3 }   Vaults:4 =   Depths:2 }

Portals:
Hell: Depths:1 Depths:2 Depths:3 Depths:4 Depths:5
Abyss: Depths:3 Depths:4
Pandemonium: Depths:3 Depths:4
Ziggurat: Depths:2

Annotations:
D:8 exclusion: ice statue
Lair:2 exclusion: 3 oklob plants


Innate Abilities, Weirdness & Mutations

You are too large for most types of armour.
You have tough skin. (AC +1)
You have a pair of small antennae on your head.
You have a somewhat thin skeletal structure. (Dex +2, Stealth)
You are agile. (Dex +2)
Scrolls take you a little longer to read.
Your system is resistant to poisons. (rPois)
You are resistant to electric shocks. (rElec)
You rapidly evolve.
Your movements are slightly less encumbered by armour. (ER -2)


Message History

* * * LOW HITPOINT WARNING * * *
The acid blob spits acid at you. The splash of acid hits you! You resist.
* * * LOW HITPOINT WARNING * * *
The acid corrodes you!
You are splashed with acid!
The acid burns!
You resist.
* * * LOW HITPOINT WARNING * * *
The acid blob spits acid at you. The splash of acid hits you! You resist.
* * * LOW HITPOINT WARNING * * *
You are splashed with acid!
The acid burns!
You resist.
* * * LOW HITPOINT WARNING * * *
Unknown command.
Unknown command.
Unknown command.
You crush the azure jelly like a grape!!!!
You kill the azure jelly!
That felt strangely unrewarding.
The azure jelly hits you.
* * * LOW HITPOINT WARNING * * *
The azure jelly freezes you. You resist.
You die...

.........#...#._..#.. .........
.......##...............#........
......## .$!.:....).((.. ........
......## ?%)%......$=[%. .......
.......# $|[)?....$|φ)%. ......
...^...##.$"?......$}/.. .....
...........(!(....%$(... ....
............)...JJ.(.... ....
..............JJ@JJ..............
..............JJJJJ..............
................JJJ..............
.................................
.................................
.................................
.................................
.................................
.................................


You could see 3 acid blobs, 6 azure jellies and 5 death oozes.

Vanquished Creatures
  the Royal Jelly (Slime:5)
  Mennas (Depths:5)
  Mara (Depths:4)
  2 juggernauts
  Saint Roka (Vaults:1)
  Sojobo (Depths:1)
  Frederick (Depths:4)
  4 golden dragons
  Nikola (Elf:2)
  4 caustic shrikes (Depths:4)
  Jory (Crypt:3)
  2 liches
  An iron giant (shapeshifter) (Depths:4)
  Jorgrun (Depths:5)
  Asterion (Elf:2)
  2 tentacled monstrosities (Depths:3)
  2 titans
  4 deep elf blademasters
  2 deep elf master archers
  The ghost of lorenzova the Sorcerer, an adept DECj of Vehumet (Slime:4)
  A kraken (Shoals:1)
  7 sphinxes
  25 acid blobs
  Polyphemus (Shoals:3)
  2 ancient champions
  2 storm dragons (shapeshifter) (Depths:4)
  5 storm dragons
  The ghost of Gekot the Warrior, an adept FoFi of Okawaru (D:14)
  9 tengu reavers
  A shadow dragon (Depths:5)
  Donald (Shoals:3)
  7 azure jellies
  Roxanne (Shoals:4)
  The ghost of tyranidshit the Warrior, an adept DsAK of Lugonu (Snake:3)
  Ilsuiw (Shoals:4)
  6 nagarajas
  12 fire giants
  3 ghost moths (Depths:4)
  5 frost giants
  7 deep elf sorcerers (Elf:3)
  3 revenants
  4 iron dragons
  Aizul (Depths:1)
  13 vault wardens
  A draconian shifter (Depths:5)
  A balrug (Depths:3)
  6 deep elf elementalists (Elf:3)
  11 ghouls
  15 stone giants
  2 spriggan defenders (Depths:4)
  2 curse skulls (Crypt:2)
  13 ironheart preservers
  A stone giant (shapeshifter) (Depths:4)
  3 war gargoyles
  A caustic shrike skeleton (Crypt:1)
  16 very ugly things
  A draconian caller (Depths:5)
  A green draconian (Depths:5)
  2 entropy weavers
  16 vampire knights
  A black draconian (Depths:5)
  5 deep elf demonologists
  A lorocyproca (Depths:4)
  Azrael (Snake:2)
  12 deep elf annihilators
  7 spark wasps
  2 red draconians (Depths:5)
  8 ettins
  2 crystal guardians (Depths:4)
  4 eidola
  Snorg (D:14)
  2 death oozes
  2 quicksilver dragon zombies
  13 deep elf death magi
  9 merfolk impalers
  11 jiangshi
  6 merfolk javelineers
  16 yaktaur captains
  13 fire dragons
  12 ice dragons
  14 deep elf high priests
  Harold (Lair:4)
  6 rakshasas
  21 naga warriors
  17 great orbs of eyes
  5 hydras
  A vault guard (Vaults:2)
  A quicksilver dragon skeleton (Crypt:3)
  The ghost of Gorglomux the Arsonist, a journeyman DrFE of Sif Muna (D:11)
  15 centaur warriors
  A juggernaut simulacrum (Depths:4)
  4 spriggan air magi
  16 anacondas
  An anaconda (shapeshifter) (Depths:4)
  A catoblepas (Shoals:3)
  Erica (D:8)
  5 death knights
  20 ogre magi
  3 merfolk aquamancers
  A merfolk avatar (Shoals:4)
  2 satyrs (Shoals:4)
  10 deep troll shamans
  6 tengu warriors
  9 vampire magi
  18 naga sharpshooters
  18 deep troll earth magi
  8 death yaks
  Urug (Lair:4)
  34 dancing weapons
  13 shock serpents
  A titan zombie (Crypt:3)
  6 orc high priests
  6 spriggan berserkers
  2 sun demons (Depths:3)
  8 hell knights
  A storm dragon zombie (Crypt:3)
  19 deep elf knights
  A titan skeleton (Crypt:3)
  2 storm dragon skeletons (Vaults:2)
  4 salamander mystics
  4 shadow wraiths
  6 iron trolls
  4 fire crabs (shapeshifter)
  2 small abominations (Elf:3)
  2 unseen horrors
  29 skeletal warriors
  29 deep trolls
  2 spark wasp zombies
  17 sea snakes
  An unseen horror (shapeshifter) (Vaults:4)
  8 flayed ghosts
  4 golden dragon zombies (Crypt:3)
  10 naga ritualists
  4 glowing orange brains
  6 wizards
  11 ironbrand convokers
  30 harpies
  6 hill giants
  15 phantasmal warriors
  20 deep elf archers
  10 necromancers
  A shadow dragon skeleton (Depths:3)
  26 orc knights
  15 mana vipers
  A wolf spider (shapeshifter) (Depths:4)
  An iron dragon zombie (Crypt:1)
  14 manticores
  7 shining eyes
  5 orc sorcerers
  3 stone giant zombies
  70 deep elf magi
  A shining eye (shapeshifter) (Depths:5)
  A cyclops (shapeshifter) (Depths:4)
  7 cyclopes
  2 sphinx skeletons
  2 wolf spiders
  63 ugly things
  A dire elephant zombie (Crypt:3)
  A fire giant skeleton (Crypt:3)
  14 elephants
  12 salamanders
  A hell hog skeleton (Crypt:3)
  A shock serpent zombie (Crypt:1)
  Maurice (D:8)
  3 fauns (Shoals:1)
  A salamander (shapeshifter) (Elf:2)
  10 sirens
  A titan simulacrum (Depths:3)
  43 black mambas
  4 water nymphs
  13 guardian serpents
  15 naga magi
  A guardian serpent (shapeshifter) (Vaults:1)
  15 vault sentinels
  7 spiny frogs
  A molten gargoyle (Depths:2)
  An eye of devastation (shapeshifter) (Depths:4)
  2 eyes of devastation
  An efreet (Depths:4)
  A torpor snail (shapeshifter) (Elf:3)
  4 gargoyles
  11 freezing wraiths
  A rime drake (shapeshifter) (Vaults:4)
  63 yaktaurs
  A white draconian zombie (Crypt:2)
  2 pale draconian skeletons
  11 komodo dragons
  4 tengu conjurers
  A hydra zombie (Crypt:3)
  3 yaktaur skeletons
  35 merfolk
  A purple draconian skeleton (Crypt:2)
  6 polar bears
  15 trolls
  A troll (shapeshifter) (Vaults:4)
  3 meliai (D:15)
  3 hornets
  A meliai (shapeshifter) (Elf:3)
  4 wind drakes
  36 two-headed ogres
  32 blink frogs
  A blink frog (shapeshifter) (Depths:5)
  A harpy skeleton (D:15)
  A merfolk (shapeshifter) (Depths:5)
  6 bog bodies (Crypt:1)
  2 fire dragon zombies
  An ice dragon zombie (Crypt:3)
  A two-headed ogre (shapeshifter) (Elf:3)
  129 slime creatures
  10 snapping turtles
  17 hippogriffs
  3 raiju (shapeshifter)
  2 ettin zombies
  A slime creature (shapeshifter) (Depths:4)
  A human simulacrum (Vaults:2)
  A stone giant simulacrum (Vaults:2)
  2 frost giant simulacra
  An ice dragon skeleton (Crypt:3)
  A fire dragon skeleton (Crypt:2)
  2 redbacks (Vaults:4)
  9 water elementals
  8 spriggans
  A yak (shapeshifter) (Vaults:3)
  An ettin skeleton (Vaults:3)
  2 spriggans (shapeshifter)
  2 shadows
  4 air elementals
  An alligator skeleton (Crypt:1)
  8 wraiths
  5 wyverns
  23 vampires
  A basilisk (Lair:6)
  48 yaks
  A human (shapeshifter) (Depths:1)
  16 humans
  5 golden eyes
  A golden eye (shapeshifter) (Vaults:4)
  5 vampire mosquitoes
  2 hungry ghosts (D:8)
  9 fire elementals
  A yaktaur simulacrum (Vaults:2)
  An elf simulacrum (Depths:3)
  2 mottled dragons
  6 wargs
  51 nagas
  A monstrous demonspawn zombie (Crypt:2)
  A spiny frog zombie (Crypt:1)
  25 water moccasins
  10 porcupines
  5 hell hounds (Snake:2)
  A snapping turtle zombie (Crypt:3)
  3 ice beasts
  53 orc warriors
  A floating eye (Depths:2)
  A hornet zombie (Crypt:2)
  2 sky beasts
  A spiny frog skeleton (Crypt:3)
  5 eyes of draining
  5 black bears
  An elephant zombie (Crypt:1)
  A fire dragon simulacrum (Crypt:1)
  6 necrophages
  2 eyes of draining (shapeshifter)
  3 phantoms
  63 ogres
  8 boggarts
  24 wolves (Lair:6)
  10 centaurs
  A swamp dragon skeleton (Crypt:2)
  2 manticore skeletons
  19 crocodiles
  5 elf zombies
  A big kobold (shapeshifter) (Depths:1)
  13 big kobolds
  16 bullfrogs
  An earth elemental (Elf:2)
  2 wyvern skeletons
  3 scorpions
  A scorpion (shapeshifter) (Vaults:4)
  A manticore simulacrum (Crypt:3)
  9 wights
  A swamp dragon simulacrum (Crypt:1)
  A troll skeleton (D:9)
  A howler monkey (D:6)
  8 centaur zombies
  2 bullfrog zombies
  6 crimson imps
  7 hounds
  A quasit (D:12)
  5 human zombies
  4 bullfrog skeletons
  10 jellies
  A demonspawn zombie (Crypt:2)
  27 orc priests
  4 centaur skeletons
  A two-headed ogre zombie (Crypt:3)
  8 human skeletons
  3 iguanas
  14 worker ants
  16 orc wizards
  2 killer bee zombies
  4 big kobold zombies
  An ogre zombie (D:9)
  A mottled dragon skeleton (Crypt:3)
  An ogre skeleton (Crypt:1)
  3 mummies
  3 worker ant zombies
  22 adders
  7 gnolls
  A steam dragon skeleton (Crypt:2)
  7 shadow imps
  A white imp (Depths:2)
  An ufetubus (Vaults:4)
  6 oozes
  2 adder zombies
  An adder skeleton (D:9)
  2 worms
  8 leopard geckos
  118 orcs
  6 giant cockroaches
  8 goblins
  13 hobgoblins
  A jackal (shapeshifter) (Depths:3)
  12 jackals
  81 kobolds
  8 quokkas
  3 ball pythons
  9 bats
  2 dart slug zombies (Crypt:3)
  5 frilled lizards
  8 hobgoblin zombies (Ossuary)
  A jackal skeleton (D:6)
  A jackal zombie (Ossuary)
  15 kobold zombies (Ossuary)
  2 leopard gecko zombies
  3 orc zombies (Ossuary)
  A quokka skeleton (D:10)
  9 rats
  2 rat zombies
  4 crawling corpses (Elf:3)
  A fungus (Lair:1)
  2 plants
  5 tentacles (Shoals:1)
2719 creatures vanquished.

Vanquished Creatures (collateral kills)
  Vashnia (Snake:3)
  Frances (Snake:2)
  A nagaraja (Snake:4)
  The ghost of Rationalist the Fighter, a journeyman DsGl of Trog (Orc:2)
  A merfolk javelineer (Shoals:4)
  A hydra (Lair:6)
  A queen ant (shapeshifter) (D:13)
  2 naga sharpshooters (Snake:3)
  A sea snake (Shoals:4)
  A naga ritualist (Snake:4)
  A glowing orange brain (Vaults:3)
  An ugly thing (D:13)
  An orc knight (Orc:2)
  2 sirens (Shoals:4)
  A black mamba (Snake:2)
  3 yaktaurs (Vaults:3)
  A rime drake (Lair:4)
  A hornet (Lair:6)
  3 merfolk (Shoals:4)
  4 spriggans (Lair:6)
  7 yaks (Lair:6)
  A naga (Snake:3)
  2 orc warriors (Vaults:1)
  An ogre (Orc:2)
  2 wolves (Lair:6)
  A boggart (Lair:6)
  An orc wizard (Orc:2)
  5 orcs
  5 kobolds (D:14)
54 creatures vanquished.

Vanquished Creatures (others)
  A fire giant (Depths:3)
  A deep elf mage (Elf:3)
  A naga mage (Snake:2)
  A tengu conjurer (Vaults:1)
  An ogre (Depths:3)
  An orc priest (Orc:2)
  An orc wizard (Orc:2)
  An orc (Vaults:1)
  18 fungi
  9 plants
  4 tentacles (Shoals:1)
39 creatures vanquished.

Grand Total: 2812 creatures vanquished

Notes
Turn   | Place    | Note
-------+----------+-------------------------------------------
     0 | D:1      | dorian the Ogre Hunter began the quest for the Orb.
     0 | D:1      | Reached XP level 1. HP: 22/22 MP: 1/1
   343 | D:1      | Reached XP level 2. HP: 31/31 MP: 2/2
   358 | D:1      | Reached skill level 1 in Maces & Flails
   473 | D:1      | Reached skill level 2 in Maces & Flails
   473 | D:1      | Reached XP level 3. HP: 33/37 MP: 3/3
  1566 | D:2      | Reached XP level 4. HP: 48/48 MP: 4/4
  1590 | D:2      | Found a faded altar of an unknown god.
  1590 | D:2      | Found a faded altar of an unknown god.
  1597 | D:2      | Found a faded altar of an unknown god.
  1599 | D:2      | Found a hide-covered altar of Uskayaw.
  1601 | D:2      | Found a faded altar of an unknown god.
  1742 | D:2      | Found a blossoming altar of Fedhas.
  1963 | D:2      | Reached skill level 3 in Maces & Flails
  2008 | D:2      | Found a burning altar of Makhleb.
  2225 | D:3      | Noticed a big kobold
  2277 | D:3      | Found a shimmering altar of Xom.
  2347 | D:3      | Reached XP level 5. HP: 55/55 MP: 5/5
  2759 | D:3      | Killed a big kobold
  2759 | D:3      | Reached skill level 5 in Fighting
  2759 | D:3      | Reached skill level 4 in Maces & Flails
  2759 | D:3      | Reached skill level 5 in Throwing
  2759 | D:3      | Reached XP level 6. HP: 57/66 MP: 6/6
  3033 | D:3      | Found a shimmering altar of Xom.
  3265 | D:4      | Noticed a phantom
  3332 | D:4      | Killed a phantom
  3332 | D:4      | Reached skill level 5 in Maces & Flails
  3332 | D:4      | Reached XP level 7. HP: 69/75 MP: 7/7
  4173 | D:5      | Entered Level 5 of the Dungeon
  4273 | D:5      | Reached skill level 6 in Maces & Flails
  4491 | D:5      | Noticed a moth of wrath
  4555 | D:5      | Found a bloodstained altar of Trog.
  4608 | D:5      | Became a worshipper of Trog the Wrathful
  4772 | D:5      | Reached XP level 8. HP: 47/87 MP: 8/8
  5019 | D:5      | Found a stormy altar of Qazlal.
  5564 | D:5      | Reached skill level 7 in Maces & Flails
  5764 | D:5      | Found a snail-covered altar of Cheibriados.
  5905 | D:5      | Reached * piety under Trog
  5977 | D:5      | Reached skill level 8 in Maces & Flails
  6180 | D:5      | Reached ** piety under Trog
  6321 | D:5      | Reached XP level 9. HP: 98/98 MP: 9/9
  6790 | D:6      | Reached skill level 9 in Maces & Flails
  6813 | D:6      | Found a shattered altar of Ashenzari.
  7425 | D:7      | Reached skill level 10 in Fighting
  7679 | D:7      | Reached *** piety under Trog
  7812 | D:7      | Found a staircase to the Ecumenical Temple.
  7875 | D:7      | Found Ecetat Jeci's Armour Boutique.
  7915 | D:7      | Reached skill level 10 in Maces & Flails
  8238 | D:8      | Found a sand-covered staircase.
  8245 | Ossuary  | Entered an ossuary
  8409 | Ossuary  | Reached XP level 10. HP: 68/111 MP: 10/10
  8631 | Ossuary  | Reached **** piety under Trog
  8796 | D:8      | Noticed an ice statue
  9189 | D:8      | Noticed Maurice
  9261 | D:8      | Killed Maurice
  9562 | D:8      | Reached skill level 11 in Maces & Flails
  9566 | D:8      | Received a gift from Trog
  9795 | D:8      | Noticed Erica
  9825 | D:8      | Killed Erica
 10424 | D:7      | Bought the +2 hat of the Bear Spirit {Spirit, +Rage rN+ MR++} for 508 gold pieces
 10498 | D:9      | Received a gift from Trog
 10657 | D:9      | Found a staircase to the Lair.
 10769 | D:9      | Found a hazy altar of Hepliaklqana.
 10946 | D:9      | Reached skill level 10 in Throwing
 10965 | D:9      | Reached skill level 12 in Maces & Flails
 11285 | D:9      | Reached XP level 11. HP: 98/123 MP: 8/11
 11599 | D:9      | Found an ancient bone altar of Kikubaaqudgha.
 11919 | D:9      | Found Zin's Purification Station.
 11927 | D:9      | Found a glowing silver altar of Zin.
 11990 | D:10     | Entered Level 10 of the Dungeon
 12044 | D:10     | Noticed a hill giant
 12385 | D:10     | Reached ***** piety under Trog
 12599 | D:10     | Noticed a centaur warrior
 12616 | D:10     | Killed a centaur warrior
 12624 | D:10     | Reached skill level 13 in Maces & Flails
 12814 | D:10     | Received a gift from Trog
 12974 | D:10     | Identified Arirr's Collected Works on Curses
 13088 | D:10     | Found Atinah's Antique Armour Boutique.
 13196 | D:10     | Found a roughly hewn altar of Beogh.
 13196 | D:10     | Found a staircase to the Orcish Mines.
 13292 | D:10     | Killed a hill giant
 14028 | D:11     | Found an opulent altar of Gozag.
 14033 | D:11     | Noticed a cyan ugly thing
 14061 | D:11     | Killed a cyan ugly thing
 14081 | D:11     | Noticed a hill giant
 14082 | D:11     | Killed a hill giant
 14254 | D:11     | Received a gift from Trog
 14268 | D:11     | Reached XP level 12. HP: 54/137 MP: 6/12
 14634 | D:11     | Noticed Gorglomux's ghost (journeyman DrFE)
 14639 | D:11     | Killed Gorglomux's ghost
 14646 | D:11     | Reached skill level 14 in Maces & Flails
 15409 | D:12     | Received a gift from Trog
 15465 | D:12     | Noticed a seven-headed hydra
 15475 | D:12     | Killed a seven-headed hydra
 16041 | Lair:1   | Entered Level 1 of the Lair of Beasts
 16350 | Lair:1   | Reached skill level 15 in Maces & Flails
 16390 | Lair:1   | Reached skill level 5 in Dodging
 16942 | Lair:2   | Reached XP level 13. HP: 92/146 MP: 13/13
 16951 | Lair:2   | Reached skill level 16 in Maces & Flails
 17332 | Lair:2   | Found a dark tunnel.
 17341 | Volcano  | Entered a volcano
 17367 | Volcano  | Received a gift from Trog
 17383 | Volcano  | Found a bloodstained altar of Trog.
 17755 | Lair:2   | Reached skill level 17 in Maces & Flails
 18065 | Lair:2   | Found a staircase to the Snake Pit.
 18591 | Lair:3   | Identified a scroll of acquirement
 18770 | Lair:3   | Received a gift from Trog
 18772 | Lair:3   | Reached skill level 1 in Armour
 19346 | Lair:4   | Noticed Harold
 19365 | Lair:4   | Killed Harold
 19424 | Lair:4   | Noticed Urug
 19433 | Lair:4   | Killed Urug
 20245 | Lair:4   | Reached skill level 18 in Maces & Flails
 20374 | Lair:4   | Found a staircase to the Shoals.
 21042 | Lair:5   | Reached XP level 14. HP: 151/156 MP: 14/14
 22040 | Lair:6   | Entered Level 6 of the Lair of Beasts
 22174 | Lair:5   | Reached skill level 19 in Maces & Flails
 22348 | Lair:6   | Received a gift from Trog
 22949 | Lair:6   | Found a staircase to the Slime Pits.
 23083 | Lair:6   | Reached skill level 5 in Armour
 23109 | Lair:6   | Reached skill level 20 in Maces & Flails
 23711 | Lair:6   | Got a shadowed robe
 23741 | Lair:6   | Identified the +2 robe of the Trilobite {+Blink rElec Str-2 Dex+2} (You found it on level 6 of the Lair of Beasts)
 23995 | Lair:6   | Received a gift from Trog
 24652 | Lair:6   | Received a gift from Trog
 24757 | Lair:6   | Reached XP level 15. HP: 155/163 MP: 12/15
 24973 | Orc:1    | Entered Level 1 of the Orcish Mines
 25160 | Orc:2    | Entered Level 2 of the Orcish Mines
 25195 | Orc:2    | Found a flickering gateway to a bazaar.
 25203 | Bazaar   | Entered a bazaar
 25208 | Bazaar   | Found Xoikhlupo's Gadget Shop.
 25209 | Bazaar   | Found Kodam's Antique Armour Shop.
 25405 | Orc:2    | Found a bloodstained altar of Trog.
 25486 | Orc:2    | Received a gift from Trog
 25514 | Orc:2    | Found a staircase to the Elven Halls.
 25708 | Orc:2    | Noticed Rationalist's ghost (journeyman DsGl)
 25875 | Orc:2    | Reached skill level 21 in Maces & Flails
 26103 | Orc:2    | Killed Rationalist's ghost
 26692 | Orc:2    | Found Ocwen's Distillery.
 26692 | Orc:2    | Found Qioshresh's Antique Armour Boutique.
 26862 | Orc:2    | Found Mudout's General Store.
 26862 | Orc:2    | Found Vaosaale's Antique Weapon Boutique.
 26909 | Orc:2    | Bought a potion of heal wounds for 60 gold pieces
 26909 | Orc:2    | Bought a potion of haste for 120 gold pieces
 27309 | D:13     | Upgraded the game from 0.19-b1-5-gdc9fa9d to 0.19.0-1-g5985abe
 27639 | D:13     | Received a gift from Trog
 28247 | D:14     | Found a gate to the Vaults.
 28504 | D:13     | Reached skill level 22 in Maces & Flails
 28799 | D:13     | Gained mutation: You tend to lose your temper in combat. [mutagenic meat]
 28800 | D:13     | Gained mutation: Your muscles are strong. (Str +2) [mutagenic meat]
 28801 | D:13     | Gained mutation: You have a pair of small antennae on your head. [mutagenic meat]
 29183 | D:14     | Noticed Gekot's ghost (adept FoFi)
 29308 | D:14     | Killed Gekot's ghost
 29489 | D:14     | Gained mutation: Your magical capacity is low. (-10% MP) [mutagenic meat]
 29490 | D:14     | Gained mutation: Your system is resistant to poisons. (rPois) [mutagenic meat]
 29491 | D:14     | Gained mutation: You often lose your temper in combat. [mutagenic meat]
 29492 | D:14     | Gained mutation: You evolve. [mutagenic meat]
 29493 | D:14     | Gained mutation: You rapidly evolve. [mutagenic meat]
 29593 | D:14     | Reached XP level 16. HP: 153/172 MP: 10/14
 29610 | D:13     | Gained mutation: Your spells are a little harder to cast, but a little more powerful. [evolution]
 29861 | D:14     | Received a gift from Trog
 29884 | D:14     | Noticed Snorg
 29896 | D:14     | Killed Snorg
 29956 | D:14     | Reached skill level 23 in Maces & Flails
 30075 | D:13     | Gained mutation: You are resistant to electric shocks. (rElec) [mutagenic meat]
 30144 | D:11     | Received a gift from Trog
 30574 | D:14     | Found a glowing silver altar of Zin.
 31089 | D:15     | Entered Level 15 of the Dungeon
 31110 | D:14     | Lost mutation: Your muscles are strong. (Str +2) [mutagenic meat]
 31111 | D:14     | Lost mutation: Your magical capacity is low. (-10% MP) [mutagenic meat]
 31307 | D:15     | Received a gift from Trog
 31308 | D:15     | Got an iridescent giant spiked club {god gift}
 31317 | D:14     | Identified the +8 giant spiked club of Pepnyr {antimagic, rElec rN+ Int-5 Dex+3} (Trog gifted it to you on level 15 of the Dungeon)
 31440 | D:15     | Found a staircase to the Depths.
 31487 | D:14     | Gained mutation: You are frail. (-10% HP) [mutagenic meat]
 31488 | D:14     | Gained mutation: You expend magic power (3 MP) to strengthen your wands. [mutagenic meat]
 32347 | D:15     | Lost mutation: You are frail. (-10% HP) [mutagenic meat]
 32348 | D:15     | Gained mutation: You have a somewhat thin skeletal structure. (Dex +2, Stealth) [mutagenic meat]
 32579 | D:15     | Reached skill level 24 in Maces & Flails
 32937 | Snake:1  | Entered Level 1 of the Snake Pit
 33361 | Snake:1  | Received a gift from Trog
 33598 | Snake:1  | Lost mutation: You often lose your temper in combat. [mutagenic meat]
 33599 | Snake:1  | Lost mutation: You tend to lose your temper in combat. [mutagenic meat]
 34319 | Snake:2  | Received a gift from Trog
 34462 | Snake:2  | Found a stormy altar of Qazlal.
 34619 | Snake:2  | Reached XP level 17. HP: 125/180 MP: 5/17
 34823 | Snake:2  | Received a gift from Trog
 35142 | Snake:2  | Noticed Frances
 35149 | Snake:2  | Noticed Azrael
 35154 | Snake:2  | Killed Frances
 35178 | Snake:2  | Killed Azrael
 35191 | Snake:2  | Received a gift from Trog
 35307 | Snake:2  | Reached skill level 25 in Maces & Flails
 35812 | Snake:3  | Reached skill level 10 in Armour
 35926 | Snake:2  | Gained mutation: Your movements are slightly less encumbered by armour. (ER -2) [evolution]
 36404 | Snake:3  | Noticed tyranidshit's ghost (adept DsAK)
 36418 | Snake:3  | Killed tyranidshit's ghost
 36969 | Snake:3  | Noticed Vashnia
 37255 | Snake:3  | Killed Vashnia
 37255 | Snake:3  | Received a gift from Trog
 37739 | Snake:3  | Found Plog's Antique Weapon Emporium.
 38084 | Snake:4  | Entered Level 4 of the Snake Pit
 38150 | Snake:4  | Lost mutation: You expend magic power (3 MP) to strengthen your wands. [evolution]
 38753 | Snake:4  | Received a gift from Trog
 38816 | Snake:4  | Found Feli's Antique Armour Emporium.
 39175 | Snake:4  | Reached XP level 18. HP: 177/189 MP: 4/18
 39585 | Snake:4  | Reached skill level 26 in Maces & Flails
 40670 | Snake:4  | Received a gift from Trog
 40671 | Snake:4  | Got a crude hunting sling {god gift}
 41331 | Snake:4  | Reached skill level 15 in Fighting
 41681 | Snake:4  | Got a serpentine rune of Zot
 42123 | Snake:4  | Identified the +1 hunting sling of Vukarut {venom, rC+} (Trog gifted it to you on level 4 of the Snake Pit)
 42435 | Depths:1 | Entered Level 1 of the Depths
 42462 | Depths:1 | Noticed Sojobo
 42589 | Depths:1 | Killed Sojobo
 42596 | Depths:1 | Received a gift from Trog
 42599 | D:15     | Gained mutation: You possess an exceptional clarity of mind. [evolution]
 42955 | Depths:1 | Reached XP level 19. HP: 117/201 MP: 5/19
 43359 | Depths:1 | Received a gift from Trog
 43470 | Depths:1 | Noticed Aizul
 43698 | Depths:1 | Killed Aizul
 44043 | Depths:1 | Received a gift from Trog
 44868 | Depths:1 | Found a gateway to Hell.
 44876 | Depths:1 | Reached skill level 15 in Throwing
 45054 | Depths:2 | Received a gift from Trog
 45330 | Depths:2 | Received a gift from Trog
 45904 | Depths:2 | Received a gift from Trog
 45909 | Depths:2 | Reached skill level 27 in Maces & Flails
 46031 | Depths:1 | Received a gift from Trog
 46615 | Depths:2 | Paralysed by a floating eye for 3 turns
 46979 | Depths:2 | Found Ysucsac's Gadget Boutique.
 47545 | Lair:2   | Reached XP level 20. HP: 201/217 MP: 20/20
 48413 | Depths:2 | Found a gateway to a ziggurat.
 48813 | Depths:3 | Received a gift from Trog
 49469 | Depths:2 | Lost mutation: Your spells are a little harder to cast, but a little more powerful. [evolution]
 50445 | Depths:3 | Found a one-way gate to the infinite horrors of the Abyss.
 50589 | Depths:3 | Noticed a lich
 50603 | Depths:3 | Killed a lich
 50757 | Depths:3 | Noticed a juggernaut
 50804 | Depths:3 | Received a gift from Trog
 51158 | Depths:3 | Killed a juggernaut
 51185 | Depths:3 | Found a one-way gate leading to the halls of Pandemonium.
 51228 | Depths:3 | Received a gift from Trog
 51230 | Depths:3 | Reached ****** piety under Trog
 52203 | Depths:4 | Reached XP level 21. HP: 231/231 MP: 21/21
 52226 | Depths:4 | Received a gift from Trog
 52450 | Depths:4 | Noticed Mara
 52457 | Depths:4 | Killed Mara
 52908 | Depths:4 | Received a gift from Trog
 52922 | Depths:4 | Noticed a shard shrike
 52922 | Depths:4 | an iron dragon changed into a shard shrike
 52927 | Depths:4 | Noticed a juggernaut
 54003 | Depths:4 | Received a gift from Trog
 54067 | Depths:4 | Noticed Frederick
 54077 | Depths:4 | Killed Frederick
 54287 | Depths:4 | Got a fine cloak
 54298 | Depths:4 | Identified the cursed +0 cloak "Huar" {rF+ Dex+4} (You found it on level 4 of the Depths)
 55344 | Depths:4 | Noticed a golden dragon
 55347 | Depths:4 | Killed a golden dragon
 55627 | Depths:5 | Entered Level 5 of the Depths
 55701 | Depths:5 | Received a gift from Trog
 55701 | Depths:5 | Reached XP level 22. HP: 247/247 MP: 22/22
 56105 | Depths:5 | Noticed Mennas
 56139 | Depths:5 | Killed Mennas
 56213 | Depths:5 | Noticed a caustic shrike
 56214 | Depths:5 | Noticed a caustic shrike
 56215 | Depths:5 | Noticed a caustic shrike
 56216 | Depths:5 | Noticed a caustic shrike
 56221 | Depths:4 | Killed a caustic shrike
 56633 | Depths:4 | Killed a caustic shrike
 56633 | Depths:4 | Reached skill level 15 in Armour
 56641 | Depths:4 | Killed a caustic shrike
 56946 | Depths:4 | Killed a caustic shrike
 57191 | Depths:5 | Noticed Jorgrun
 57196 | Depths:5 | Killed Jorgrun
 57247 | Depths:5 | Reached skill level 1 in Shields
 57356 | Depths:5 | Noticed a golden dragon
 57372 | Depths:5 | Noticed a juggernaut
 57930 | Depths:5 | Killed a juggernaut
 58201 | Depths:5 | Killed a golden dragon
 58238 | Depths:5 | Gained mutation: You are agile. (Dex +2) [evolution]
 58342 | Depths:5 | Found a gate to the Realm of Zot.
 58342 | Depths:5 | Noticed a golden dragon
 58352 | Depths:5 | Killed a golden dragon
 58447 | Depths:5 | Received a gift from Trog
 58685 | Depths:5 | Reached skill level 5 in Shields
 58685 | Depths:5 | Reached XP level 23. HP: 198/257 MP: 20/23
 59663 | Vaults:1 | Entered Level 1 of the Vaults
 60205 | Vaults:1 | Received a gift from Trog
 60577 | Vaults:1 | Noticed Saint Roka
 60606 | Vaults:1 | Killed Saint Roka
 60651 | Vaults:1 | Found a radiant altar of Vehumet.
 60833 | Vaults:2 | Received a gift from Trog
 60984 | Vaults:2 | Found a staircase to the Crypt.
 61689 | Vaults:2 | Received a gift from Trog
 61946 | Vaults:2 | Found Xautzal's Antique Armour Shop.
 61969 | Vaults:2 | Bought a steaming cloak for 323 gold pieces
 61989 | Vaults:2 | Identified the +1 cloak "Festrian" {rC+ Int+6 Dex+4 Stlth-} (You bought it in a shop on level 2 of the Vaults)
 62002 | Vaults:2 | Bought the -2 hat of the Alchemist {rElec rPois rF+ rC+ rN+ MR+ rMut rCorr} for 1604 gold pieces
 62790 | Vaults:3 | Received a gift from Trog
 63204 | Vaults:2 | Reached XP level 24. HP: 249/267 MP: 23/23
 63358 | Vaults:2 | Received a gift from Trog
 64026 | Vaults:3 | Received a gift from Trog
 64026 | Vaults:3 | Reached skill level 10 in Dodging
 65504 | Vaults:3 | Found Namienk's Gadget Shoppe.
 65575 | Vaults:3 | Received a gift from Trog
 66307 | Vaults:4 | Found Jiskuoc's Jewellery Emporium.
 66405 | Vaults:4 | Received a gift from Trog
 66496 | Vaults:4 | Lost mutation: You possess an exceptional clarity of mind. [evolution]
 67674 | Vaults:4 | Found a glowing golden altar of the Shining One.
 67907 | Vaults:4 | Identified Wiunk's Guide on the Volcanoes
 67983 | Vaults:4 | Reached XP level 25. HP: 225/275 MP: 23/23
 68321 | Vaults:4 | Received a gift from Trog
 68624 | Elf:1    | Entered Level 1 of the Elven Halls
 68843 | Elf:1    | Found Suusaem's Jewellery Boutique.
 68852 | Elf:1    | Bought an uncursed amulet of guardian spirit for 390 gold pieces
 69399 | Elf:2    | Found Yjenewk's Antique Armour Emporium.
 69702 | Elf:2    | Found a huge runed gate.
 69702 | Elf:2    | Found a huge runed gate.
 69702 | Elf:2    | Found a huge runed gate.
 69779 | Elf:2    | Received a gift from Trog
 70150 | Elf:2    | Noticed Nikola
 70159 | Elf:2    | Killed Nikola
 70183 | Elf:2    | Received a gift from Trog
 71143 | Elf:3    | Entered Level 3 of the Elven Halls
 71224 | Elf:3    | Noticed Asterion
 71234 | Elf:2    | Killed Asterion
 71371 | Elf:3    | Received a gift from Trog
 72988 | Elf:3    | Got a sparkling amber ring
 73026 | Elf:3    | Received a gift from Trog
 73091 | Elf:3    | Got a brightly glowing wooden ring
 73092 | Elf:3    | Identified the ring "Caus Mua" {rF++ Int-3 Dex+4} (You took it off a deep elf high priest on level 3 of the Elven Halls)
 73093 | Elf:3    | Identified the ring of the Final Chapter {Fire rElec MR+ Str+4 Int+2} (You took it off a deep elf mage on level 3 of the Elven Halls)
 73227 | Elf:3    | Reached XP level 26. HP: 249/286 MP: 20/23
 73674 | Elf:3    | Received a gift from Trog
 73689 | Elf:3    | Got a steaming bone ring
 73690 | Elf:3    | Identified the ring of Xom's Wantonness {Fire MR+ Dex+2} (You took it off a deep elf death mage on level 3 of the Elven Halls)
 73707 | Elf:3    | Identified the Volume of Evil and Calling
 73821 | Elf:3    | Identified Batriut's Tome of Supportive Conjuration
 73831 | Elf:3    | Got an encrusted flail
 73835 | Elf:3    | Identified the cursed +0 flail "Zyich" {freeze, Str+3 Int+2} (You found it on level 3 of the Elven Halls)
 73838 | Elf:3    | Got a bound ivory ring
 73843 | Elf:3    | Identified the ring "Utokis" {*Corrode MR+ Int+4} (You found it on level 3 of the Elven Halls)
 74240 | Shoals:1 | Entered Level 1 of the Shoals
 74537 | Shoals:1 | Found an opulent altar of Gozag.
 75209 | Shoals:2 | Found Yrruc's Jewellery Shop.
 75212 | Shoals:2 | Bought the ring "Jefut" {+Fly rElec rF+ rN++ Stlth+} for 707 gold pieces
 75254 | Shoals:2 | Received a gift from Trog
 75504 | Shoals:3 | Noticed Polyphemus
 75529 | Shoals:3 | Killed Polyphemus
 75821 | Shoals:3 | Noticed Donald
 75830 | Shoals:3 | Killed Donald
 76179 | Shoals:4 | Entered Level 4 of the Shoals
 76279 | Shoals:4 | Noticed Roxanne
 76282 | Shoals:4 | Killed Roxanne
 76433 | Shoals:4 | Received a gift from Trog
 76973 | Shoals:4 | Noticed Ilsuiw
 77524 | Shoals:4 | Received a gift from Trog
 78336 | Shoals:4 | Received a gift from Trog
 78345 | Shoals:4 | Killed Ilsuiw
 78780 | Shoals:4 | Got a barnacled rune of Zot
 79518 | Crypt:1  | Entered Level 1 of the Crypt
 79623 | Crypt:1  | Received a gift from Trog
 80528 | Crypt:1  | Reached XP level 27. HP: 268/295 MP: 21/23
 81362 | Crypt:2  | Upgraded the game from 0.19.0-1-g5985abe to 0.19.0-2-gae57169
 81570 | Crypt:2  | Received a gift from Trog
 82522 | Crypt:3  | Entered Level 3 of the Crypt
 82992 | Crypt:3  | Received a gift from Trog
 83018 | Crypt:3  | Found a staircase to the Tomb.
 83626 | Crypt:3  | Received a gift from Trog
 84066 | Crypt:3  | Received a gift from Trog
 84117 | Crypt:3  | Noticed Jory
 84129 | Crypt:3  | Killed Jory
 84276 | Crypt:3  | Got a sparkling copper amulet
 84552 | Crypt:3  | Got a bound golden ring
 84552 | Crypt:3  | Got a vibrating iron ring
 84552 | Crypt:3  | Got a vibrating amber ring
 84554 | Crypt:3  | Identified the amulet "Beraocw" {Reflect rC+ rN+ Int+2 SH+4} (You took it off a vampire knight on level 3 of the Crypt)
 84555 | Crypt:3  | Identified the ring "Jerphacs" {rElec rN+ MP+9 Int+2 Dex-3} (You found it on level 3 of the Crypt)
 84556 | Crypt:3  | Identified the ring "Dasozowk" {rElec rPois rN+ Str+3} (You found it on level 3 of the Crypt)
 84557 | Crypt:3  | Identified the ring "Myoff" {rF+ rN+} (You found it on level 3 of the Crypt)
 85182 | Slime:1  | Entered Level 1 of the Pits of Slime
 85450 | Slime:1  | Received a gift from Trog
 86514 | Slime:2  | Reached skill level 15 in Dodging
 86886 | Slime:3  | Received a gift from Trog
 87147 | Slime:4  | Noticed lorenzova's ghost (adept DECj)
 87161 | Slime:4  | Gained mutation: Scrolls take you a little longer to read. [a shining eye]
 87165 | Slime:4  | Killed lorenzova's ghost
 87714 | Slime:5  | Entered Level 5 of the Pits of Slime
 88200 | Slime:5  | Noticed the Royal Jelly
 88273 | Slime:5  | Received a gift from Trog
 88589 | Slime:5  | Found a viscous altar of Jiyva.
 88610 | Slime:5  | Killed the Royal Jelly
 88625 | Slime:5  | HP: 22/451 [death ooze[the Royal Jelly] (12)]
 88625 | Slime:5  | HP: 8/451 [acid[the Royal Jelly] (3)]
 88626 | Slime:5  | Slain by an azure jelly

Skill      XL: |  1  2  3  4  5  6  7  8  9 10 11 12 13 14 15 16 17 18 19 20 21 22 23 24 25 26 27 |
---------------+----------------------------------------------------------------------------------+-----
Fighting       | 3 4 5 6 7 9 10 12 13 14 15 16 18 20 22 | 22.4
Maces & Flails | 2 3 4 5 6 8 10 12 13 15 18 20 22 24 25 26 27 | 27.0
Throwing       | 5 6 7 8 10 11 12 13 14 15 16 17 18 19 20 21 22 | 22.4
Dodging        | 2 5 7 8 9 11 12 14 15 | 15.4
Armour         | 3 5 7 9 10 11 12 13 14 15 17 18 19 20 21 | 21.3
Shields        | 5 6 9 |  9.1
Stealth        | |  0.6

Action                   |  1- 3 |  4- 6 |  7- 9 | 10-12 | 13-15 | 16-18 | 19-21 | 22-24 | 25-27 || total
-------------------------+-------+-------+-------+-------+-------+-------+-------+-------+-------++-------
Melee: Mace              |    94 |   160 |   476 |   694 |       |       |       |       |       ||  1424
       Great mace        |       |       |       |    79 |  1039 |   147 |       |       |       ||  1265
       Giant club        |       |       |       |       |     5 |       |       |       |       ||     5
       Giant spiked club |       |       |       |       |       |   885 |   812 |  1095 |  1734 ||  4526
Throw: Large rock        |     6 |     4 |    12 |    29 |    53 |   115 |   135 |   169 |   128 ||   651
       Javelin           |       |    33 |   106 |    91 |    76 |    35 |    47 |    14 |    32 ||   434
       Tomahawk          |       |       |    13 |   171 |   127 |       |   179 |   283 |   482 ||  1255
       Throwing net      |       |       |     3 |     3 |     2 |       |       |       |       ||     8
Invok: Burn Spellbooks   |       |       |     1 |     1 |       |       |       |       |       ||     2
       Berserk           |       |       |       |     5 |     7 |     4 |    11 |     3 |     6 ||    36
       Trog's Hand       |       |       |       |       |     7 |    12 |     1 |     8 |     3 ||    31
       Brothers in Arms  |       |       |       |       |    10 |     7 |       |     3 |     2 ||    22
Evoke: Wand              |       |       |       |     3 |       |     1 |       |       |       ||     4
  Use: Scroll            |       |       |    16 |     7 |    11 |     9 |    11 |    10 |    28 ||    92
       Potion            |       |       |       |     1 |     1 |     1 |       |     4 |       ||     7
 Stab: Sleeping          |       |       |     2 |     1 |       |       |       |       |       ||     3
       Distracted        |       |       |       |       |     3 |     4 |       |     1 |     1 ||     9
  Eat: Chunk             |     2 |     6 |    18 |    22 |    48 |    26 |    27 |    33 |    36 ||   218
       Beef jerky        |       |       |       |     4 |     2 |     9 |     2 |       |     1 ||    18
       Pizza             |       |       |       |     2 |       |     3 |     1 |     1 |     1 ||     8
       Meat ration       |       |       |       |     1 |     1 |     3 |       |     2 |     1 ||     8
       Fruit             |       |       |       |     2 |     2 |     5 |       |     2 |       ||    11
       Bread ration      |       |       |       |       |     1 |     1 |     4 |       |     6 ||    12
       Royal jelly       |       |       |       |       |       |       |     1 |       |     1 ||     2
Armor: Robe              |    33 |    46 |   219 |   243 |   229 |    23 |       |       |       ||   793
       Skin              |       |       |       |    25 |    19 |       |       |       |       ||    44
       Fire dragon scale |       |       |       |       |       |   378 |   333 |       |       ||   711
       Ice dragon scales |       |       |       |       |       |       |    32 |    66 |       ||    98
       Gold dragon scale |       |       |       |       |       |       |       |   513 |  1301 ||  1814
Dodge: Dodged            |    64 |    90 |   273 |   328 |   589 |   608 |   405 |   444 |  1078 ||  3879
